 Dungeon Crawl Stone Soup version 0.25-a0-10-g2fe12d4386 (webtiles) character file.

Game seed: 5337460851575894422, levelgen mode: deterministic

129 Kohma the Sneak (level 4, -3/21 HPs)
             Began as a Spriggan Enchanter on Oct 15, 2019.
             Killed from afar by an orc wizard (9 damage)
             ... with a puff of flame
             ... on level 3 of the Dungeon.
             The game lasted 00:10:40 (3312 turns).

Kohma the Sneak (Spriggan Enchanter)                Turns: 3312, Time: 00:10:40

Health: -3/21      AC:  2    Str:  4    XL:     4   Next: 88%
Magic:  0/9        EV: 18    Int: 17    God:
Gold:   169        SH:  0    Dex: 16    Spells: 5/8 levels left

rFire    . . .     SeeInvis +   o - +2 dagger (vamp)
rCold    . . .     Gourm    .   (shield restricted)
rNeg     . . .     Faith    .   b - +0 robe
rPois    .         Spirit   .   (helmet restricted)
rElec    .         Reflect  .   (no cloak)
rCorr    .         Harm     .   (gloves unavailable)
MR       .....                  (boots unavailable)
Stlth    ++++......             (no amulet)
HPRegen  0.07/turn              (no ring)
MPRegen  0.11/turn              (no ring)

@: very slightly contaminated, very quick
A: very small, unfitting armour, see invisible, herbivore, speed 3, slow
metabolism 2
a: no special abilities


You were on level 3 of the Dungeon.
You were not hungry.

You visited 1 branch of the dungeon, and saw 3 of its levels.

You collected 169 gold pieces.

Inventory:

Hand Weapons
 a - a +1 dagger
 h - a +2 dagger of protection
 i - a +1 hunting sling of flaming
 o - a +2 vampiric dagger (weapon)
Missiles
 c - 131 stones
 g - 8 poisoned darts (quivered)
 m - 2 curare-tipped darts
Armour
 b - a +0 robe (worn)
Jewellery
 f - an uncursed ring of wizardry {unknown}
 n - an uncursed ring of ice {unknown}
Scrolls
 j - 2 scrolls of identify {unknown}
 k - a scroll of fog {unknown}
 l - 3 scrolls of remove curse {unknown}
 r - 2 scrolls of blinking {unknown}
 t - a scroll of teleportation {unknown}
Potions
 e - 4 potions of curing {unknown}
 p - 2 potions of flight {unknown}
 q - 3 potions of heal wounds {unknown}
 s - a potion of agility {unknown}
Comestibles
 d - 5 rations


   Skills:
 + Level 3.7 Short Blades
 - Level 3.0 Dodging
 + Level 6.9 Stealth
 - Level 2.6 Spellcasting
 - Level 3.6 Hexes


You had 5 spell levels left.
You knew the following spells:

 Your Spells              Type           Power        Failure   Level  Hunger
a - Corona                Hex            ##.....      4%          1    #......
b - Ensorcelled Hibernat  Hex/Ice        #.....       13%         2    ##.....

Your spell library contained the following spells:

 Spells                   Type           Power        Failure   Level  Hunger
 Confuse                  Hex            ##......     12%         3    ###....
 Tukima's Dance           Hex            ##......     12%         3    ###....
 Dazzling Spray           Conj/Hex       #.....       26%         3    ###....


Dungeon Overview and Level Annotations

Branches:
Dungeon (3/15)

Altars:
Qazlal
Sif Muna
Zin


Innate Abilities, Weirdness & Mutations

You are very small and have problems with some larger weapons.
You are too small for most types of armour.
You have supernaturally acute eyesight. (SInv)
You are a herbivore.
You cover ground extremely quickly.
You need to consume almost no food.


Message History

The orc wizard is moderately wounded.
The orc wizard completely misses you.
You barely miss the orc wizard.
The orc wizard is moderately wounded.
You feel less confused.
You hit the orc wizard.
The orc wizard is moderately wounded.
The orc wizard closely misses you.
Casting: Ensorcelled Hibernation (safe; 13% risk of failure)
Confirm with . or Enter, or press ? or * to list all spells.
Aiming: Ensorcelled Hibernation (safe; 13% risk of failure)
Press: ? - help, Shift-Dir - straight line, f/p - orc wizard
Aim: an orc wizard, wielding a +0 dagger and wearing a +0 robe (moderately wounded, slightly transparent, chance to defeat MR: 39%)
The orc wizard resists with some effort.
The orc wizard closely misses you.
You hit the orc wizard but do no damage.
The orc wizard is moderately wounded.
The orc wizard casts a spell at you. The puff of flame hits you!
You die...

##### #...# ##### ######
#.#.##### #...# #....# #.#.#<..#
###...# #.##.###.#.###.#
.##...#####.##...#.......#######
.##...#.....####o###.#.........#
.oo...#o##### #@#...#.#######.#
o##...#.# #.#.....#.......#
.##..)#.# ##÷#...#.#.#######
.##...o.# #....#.#..<#
.##...#########....#.#.#.#
.######.......#....#.#.#.#
.######.......#....#.#.#.#
.................>.....#.#
......÷........#..###.##.#


You could see an orc wizard (invisible).

Vanquished Creatures
  4 adders
  A worm (D:2)
  9 dart slugs
  2 orcs (D:3)
  4 ball pythons (D:3)
  9 bats
  2 giant cockroaches
  6 goblins
  9 hobgoblins
  2 jackals (D:1)
  7 frilled lizards
  9 kobolds
  10 rats
74 creatures vanquished.

Notes
Turn   | Place    | Note
-------+----------+-------------------------------------------
     0 | D:1      | Kohma the Spriggan Enchanter began the quest for the Orb.
     0 | D:1      | Reached XP level 1. HP: 9/9 MP: 5/5
   143 | D:1      | Reached skill level 5 in Stealth
   143 | D:1      | Reached XP level 2. HP: 8/13 MP: 6/6
   580 | D:1      | Learned a level 2 spell: Ensorcelled Hibernation
  1023 | D:1      | Reached XP level 3. HP: 16/16 MP: 8/8
  1571 | D:2      | Reached skill level 6 in Stealth
  1660 | D:2      | Found a glowing silver altar of Zin.
  1661 | D:2      | Found a stormy altar of Qazlal.
  1932 | D:2      | Reached XP level 4. HP: 21/21 MP: 4/9
  2567 | D:3      | Found a shimmering blue altar of Sif Muna.
  2970 | D:3      | HP: 1/21 [orc wizard/puff of flame (13)]
  3312 | D:3      | Killed from afar by an orc wizard

Levels and vault maps discovered:
D:1:      dpeg_arrival_water_temple_mockup, layout_rooms, serial_bayou_pond_b
D:2:      layout_loops_cross, chequers_temple_overflow_statue_of_worship,
          first_ration, minmay_guardbox
D:3:      layout_basic, nicolae_overflow_crystal_walls, minmay_crystal_water

Skill      XL: |  1  2  3 |
---------------+----------+-----
Stealth        | 5 6 |  6.9
Short Blades   | 2 3 |  3.7
Dodging        | |  3.0
Spellcasting   | |  2.6
Hexes          | |  3.6

Action                   |  1- 3 |  4- 6 || total
-------------------------+-------+-------++-------
Melee: Dagger            |   138 |    92 ||   230
Throw: Stone             |    10 |       ||    10
       Dart              |       |     5 ||     5
 Cast: Ensorcelled Hiber |     9 |    21 ||    30
 Stab: Sleeping          |    23 |    11 ||    34
  Eat: Ration            |       |     1 ||     1
Armor: Robe              |    18 |     7 ||    25
Dodge: Dodged            |    88 |    55 ||   143

Table legend:
 A = Non-vault XP
 B = Vault XP
 C = Vault XP percentage of total XP
 D = Non-vault monster count
 E = Vault monster count
 F = Vault count percentage of total count
                 A         B        C        D         E       F
            +---------+---------+-------+---------+---------+-------
      Total |     132 |      53 |  28.6 |      58 |      16 |  21.6
            +---------+---------+-------+---------+---------+-------
        D:1 |      43 |       6 |  12.2 |      25 |       4 |  13.8
        D:2 |      45 |      47 |  51.1 |      16 |      12 |  42.9
        D:3 |      44 |       0 |   0.0 |      17 |       0 |   0.0
            +---------+---------+-------+---------+---------+-------
